 Dungeon Crawl Stone Soup version 0.30.1-11-g7821555f0a (webtiles) character file.

Game seed: 30709039825922021

502472 kskgo the Severer (level 24, -1/298 HPs)
             Began as a Demonspawn Berserker on Oct 30, 2023.
             Was an Elder of Trog.
             Slain by an azure jelly (8 damage)
             ... on level 5 of the Pits of Slime on Oct 31, 2023.
             The game lasted 03:06:59 (56812 turns).

kskgo the Severer (Demonspawn Berserker)           Turns: 56812, Time: 03:07:00

Health: -1/298     AC: 15    Str: 29    XL:     24   Next: 7%
Magic:  0/7        EV: 13    Int:  8    God:    Trog [****..]
Gold:   3352       SH: 25    Dex: 14    Spells: 23/23 levels left

rFire   + + .        A - +3 broad axe (antimagic)
rCold   + . .        d - +4 tower shield {rC+ rF+}
rNeg    . . .        C - +0 gold dragon scales
rPois   +            (no helmet)
rElec   +            W - +1 cloak "Ynokk" {rElec Will- Regen+ SInv}
rCorr   +            K - +2 pair of gloves
SInv    +            (boots unavailable)
Will    +++..        T - amulet of Xunlaemm {Acrobat rC- rCorr Slay+2} Stlth
                     c - +4 ring of slaying
HPRegen 3.49/turn    m - +4 ring of slaying
MPRegen 0.10/turn

%: acrobat
@: berserking, strong-willed (expiring), corroded, regenerating (expiring), very
quick
A: hooves 3, yellow scales 3, demonic guardian 3, powered by death 3,
augmentation 1, strong-willed 1, sturdy frame 1
}: 2/15 runes: barnacled, silver
a: Renounce Religion, Berserk, Trog's Hand, Brothers in Arms


You were on level 5 of the Pits of Slime.
You worshipped Trog.
Trog was greatly pleased with you.
You visited 8 branches of the dungeon, and saw 43 of its levels.
You visited the Abyss 4 times.
You also visited: Bailey and Ice Cave.

You collected 5845 gold pieces.
You spent 2493 gold pieces at shops.

Inventory:

Hand Weapons
 e - a +9 war axe of flaming
 p - the +3 dagger "Levinlem" {antimagic, Will+}
   (You took it off a vault sentinel on level 5 of the Vaults)

   Will:      It increases your willpower.
 A - a +3 antimagic broad axe (weapon)
 U - the +3 hand axe of Illinehy {heavy, Str+4}
   (Trog gifted it to you on level 5 of the Vaults)

   Str:       It affects your strength (+4).
Missiles
 i - 4 atropa-tipped darts
 D - 33 poisoned darts
 R - 6 datura-tipped darts
Armour
 d - a +4 tower shield of resistance (worn)
 C - +0 gold dragon scales (worn)
 K - a +2 pair of gloves (worn)
 W - the +1 cloak "Ynokk" (worn) {rElec Will- Regen+ SInv}
   (You found it on level 4 of the Lair of Beasts)

   rElec:     It insulates you from electricity.
   SInv:      It lets you see invisible.
   Regen:     It increases your rate of health regeneration.
   Will:      It decreases your willpower.
Jewellery
 a - the ring "Hewoh" {+Blink rF- rC+++ rN+ Will-}
   (You found it on level 2 of the Vaults)

   [ring of positive energy]

   rF:        It makes you vulnerable to fire.
   rC:        It renders you almost immune to cold.
   rN:        It protects you from negative energy.
   +Blink:    It lets you blink.
   Will:      It decreases your willpower.
 b - the ring "Ugreapur" {rPois rN+ Dex+2}
   (You took it off a vault sentinel on level 5 of the Vaults)

   [ring of positive energy]

   Dex:       It affects your dexterity (+2).
   rPois:     It protects you from poison.
   rN:        It protects you from negative energy.
 c - a +4 ring of slaying (left hand)
 j - a ring of protection from fire
 m - a +4 ring of slaying (right hand)
 z - the amulet "Kykeinou" {rElec rN+ Regen+ rCorr SInv}
   (You found it on level 2 of the Vaults)

   [amulet of regeneration]

   rElec:     It insulates you from electricity.
   rN:        It protects you from negative energy.
   SInv:      It lets you see invisible.
   Regen:     It increases your rate of health regeneration.
   rCorr:     It protects you from acid and corrosion.
 T - the amulet of Xunlaemm (around neck) {Acrobat rC- rCorr Slay+2}
   (You took it off a deep elf blademaster on level 3 of the Elven Halls)

   [amulet of the acrobat]

   It increases your evasion while moving and waiting.
   Slay:      It affects your accuracy & damage with ranged weapons and melee
   (+2).
   rC:        It makes you vulnerable to cold.
   rCorr:     It protects you from acid and corrosion.
 Y - the ring "Suscheggu" {AC+4 Dex+3}
   (You found it on level 4 of the Spider Nest)

   [ring of protection]

   AC:        It affects your AC (+4).
   Dex:       It affects your dexterity (+3).
Wands
 o - a wand of polymorph (22)
 r - a wand of digging (8)
 M - a wand of roots (23)
 P - a wand of quicksilver (4) (quivered)
 X - a wand of flame (14)
 Z - a wand of paralysis (22)
Scrolls
 k - 13 scrolls of teleportation
 l - a scroll of brand weapon
 q - a scroll of silence
 u - a scroll of torment
 v - 9 scrolls of vulnerability
 x - 32 scrolls of identify
 E - 3 scrolls of fear
 G - 2 scrolls of fog
 H - a scroll of magic mapping
 O - 4 scrolls of poison
 S - a scroll of enchant armour
 V - a scroll of blinking
Potions
 g - a potion of heal wounds
 h - 3 potions of magic
 t - 4 potions of curing
 w - 3 potions of ambrosia
 F - 5 potions of flight
 J - 5 potions of mutation
Miscellaneous
 s - a condenser vane
 y - a lightning rod (4/4)
 B - a phantom mirror
 I - a piece from Xom's chessboard (15/15)


   Skills:
 + Level 18.6 Fighting
 - Level 20.0 Axes
 + Level 7.7 Throwing
 + Level 17.0 Armour
 + Level 17.0 Dodging
 - Level 20.0 Shields
 + Level 8.4 Evocations


You had 23 spell levels left.
You didn't know any spells.
Your spell library was empty.

Dungeon Overview and Level Annotations

Branches:
Dungeon (15/15)            Temple (0/1) D:4            Lair (5/5) D:11
 Shoals (4/4) Lair:3       Spider (4/4) Lair:2        Slime (5/5) Lair:5
    Orc (2/2) D:9             Elf (3/3) Orc:2        Vaults (5/5) D:14
  Crypt (0/3) Vaults:2     Depths (0/4) D:15         Bailey (visited)
  IceCv (visited)

Altars:
Ashenzari
Cheibriados
Hepliaklqana
Nemelex Xobeh
Okawaru
Qazlal
Trog
Uskayaw
Xom
Yredelemnul
Jiyva

Shops:
D:4 [((   D:8 (   Orc:1 (   Orc:2 ([[!   Elf:1 ?   Vaults:3 =

Portals:
Trove: Vaults:2 (give +6 ice dragon scales)

Annotations:
D:5 Dowan


Innate Abilities, Weirdness & Mutations

You have hooves in place of feet.
You are completely covered in yellow scales. (AC +4, rCorr)
A powerful demonic guardian rushes to your aid.
You regenerate a lot of health from kills.
Your magical and physical power is slightly enhanced at high health.
You are strong-willed. (Will+)
Your movements are slightly less encumbered by armour. (ER -2)


Message History

You hit the rockslime but do no damage.
You kick the rockslime, but do no damage.
The rockslime is heavily wounded.
You barely miss the azure jelly. You slash the azure jelly!
You miss the quicksilver ooze. You hit the azure jelly.
Your Executioner hits the rockslime! Your Executioner hits the rockslime. x2
The azure jelly jiggles.
You block the azure jelly's attack. x2; The azure jelly hits you.
* * * LOW HITPOINT WARNING * * *
The azure jelly hits you but does no damage.
The quicksilver ooze hits you.
The quicksilver ooze hits you but does no damage.
You block the azure jelly's attack.
The azure jelly hits you but does no damage.
The azure jelly barely misses you. The azure jelly closely misses you.
You slice the rockslime!!
You kill the rockslime!
That felt strangely unrewarding.
You hit the azure jelly. You slice the azure jelly!! x2
You kill the azure jelly!
That felt strangely unrewarding.
You closely miss the quicksilver ooze. The azure jelly barely misses you.
You block the azure jelly's attack. x2
The azure jelly closely misses you.
Your Executioner hits the quicksilver ooze!!
The quicksilver ooze dies!
You hit the azure jelly. You kick the azure jelly.
The azure jelly is lightly wounded.
You barely miss the azure jelly.
You feel the effects of Trog's Hand fading.
The azure jelly hits you.
* * * LOW HITPOINT WARNING * * *
The azure jelly freezes you! You resist.
* * * LOW HITPOINT WARNING * * *
You block the azure jelly's attack. x3; The azure jelly hits you.
* * * LOW HITPOINT WARNING * * *
The azure jelly freezes you! You resist.
* * * LOW HITPOINT WARNING * * *
The azure jelly hits you but does no damage.
The azure jelly barely misses you. The azure jelly hits you!
You die...

...J..................##
.......................#
.......................##
........................###
..........................#
..........................#####
...........................#..#
................J.............##
...............J@1.............#
.................J...........###
..............................#
..#....#......................##
####.#####.....................#
!*#..#*$###...................##
!,#.##,$[##....................#*
(##..##!:(##....................#
)"##.#?)/:[##....................


You could see 3 azure jellies and a friendly Executioner (summoned).

Vanquished Creatures
  the Royal Jelly (Slime:5)
  Mara (Shoals:3)
  An ancient lich (Vaults:5)
  Frederick (Vaults:4)
  Bai Suzhen (Vaults:2)
  A shard shrike (shapeshifter) (Vaults:5)
  Jory (Vaults:5)
  2 golden dragons (Vaults:5)
  A profane servitor (Abyss:3)
  Arachne (Spider:1)
  A bone dragon (Abyss:3)
  A tentacled monstrosity (Vaults:5)
  Rupert (D:14)
  3 liches
  Mlioglotl (Spider:3)
  A deep elf blademaster (Elf:3)
  6 titans (Vaults:5)
  2 quicksilver dragons (Vaults:5)
  4 deep elf master archers (Elf:3)
  2 Executioners (Abyss:2)
  19 acid blobs
  6 sphinxes
  4 shadow dragons
  3 tentacled starspawn
  2 storm dragons
  5 tengu reavers (Vaults:5)
  10 rockslimes
  Roxanne (Shoals:2)
  Ilsuiw (Shoals:2)
  3 fire giants
  5 azure jellies
  Donald (Spider:4)
  8 emperor scorpions
  The ghost of Elait the Brawler, a journeyman TrGl of Makhleb (Spider:4)
  10 deep elf sorcerers
  3 frost giants (Vaults:5)
  An iron dragon (Vaults:5)
  A balrug (Abyss:3)
  Aizul (Shoals:2)
  4 ghost moths
  16 vault wardens
  2 deep elf elementalists (Elf:3)
  3 orc warlords
  A cacodemon (Abyss:3)
  4 war gargoyles
  8 quicksilver oozes
  10 ironbound thunderhulks
  9 very ugly things
  24 ironbound preservers
  2 stone giants (Vaults:5)
  2 broodmothers
  5 deep elf demonologists
  A spark wasp (Spider:3)
  Azrael (D:15)
  A red draconian (Abyss:3)
  6 deep elf annihilators
  10 dire elephants
  11 ettins
  17 merfolk impalers
  3 jiangshi (Abyss:3)
  6 deep elf death magi (Elf:3)
  2 crystal guardians
  5 merfolk javelineers
  14 yaktaur captains
  6 great orbs of eyes
  5 deep elf high priests
  33 vault guards
  9 entropy weavers
  Erolcha (D:11)
  5 hydras
  3 peacekeepers
  7 radroaches
  3 merfolk avatars
  7 ironbound frosthearts
  A catoblepas (D:15)
  A death knight (D:13)
  11 death yaks
  15 centaur warriors
  3 merfolk aquamancers
  19 dancing weapons
  3 ogre magi
  An alligator snapping turtle (Shoals:4)
  2 satyrs (Shoals:3)
  10 boulder beetles
  6 two-headed ogres
  A deep troll earth mage (Vaults:5)
  7 tengu warriors
  2 vampire magi
  6 hell knights
  11 large abominations
  A death yak (shapeshifter) (Vaults:5)
  Urug (D:14)
  A shock serpent (shapeshifter) (D:14)
  3 thrashing horrors
  10 deep elf knights
  A soul eater (Vaults:2)
  A fire crab (shapeshifter) (Abyss:3)
  7 skysharks
  9 pharaoh ants
  2 sun moths
  3 wretched stars (Abyss:3)
  A shadow wraith (Vaults:5)
  47 deep trolls
  4 skeletal warriors (D:13)
  7 orb spiders
  8 sea snakes
  A spectral wolf spider (Spider:4)
  14 wizards
  16 harpies
  5 orc knights
  2 lindwurms
  3 deep elf archers
  20 ironbound convokers
  5 steelbarb worms
  23 deep elf zephyrmancers
  7 phantasmal warriors
  26 deep elf pyromancers
  A necromancer (Vaults:3)
  8 manticores
  A mana viper (shapeshifter) (Vaults:4)
  5 glowing orange brains
  21 wolf spiders
  31 ugly things
  21 fauns
  6 orc sorcerers
  8 cyclopes
  6 shining eyes
  2 moths of wrath (Spider:2)
  An oklob plant (Lair:4)
  13 vault sentinels
  10 elephants
  8 merfolk sirens
  2 centaur zombies (D:13)
  An iron dragon skeleton (Abyss:3)
  8 black mambas
  An apocalypse crab (Abyss:3)
  An ice statue (IceCv)
  4 demonic crawlers
  6 smoke demons (Abyss:3)
  An eye of devastation (shapeshifter) (Abyss:3)
  2 gargoyles
  10 water nymphs
  4 eyes of devastation
  7 torpor snails
  A spectral redback (Spider:4)
  Maggie (D:8)
  2 kobold demonologists
  3 rime drakes
  10 cane toads
  11 komodo dragons
  A hellion (Abyss:2)
  4 unseen horrors
  3 anaconda simulacra (IceCv)
  2 efreet (Abyss:3)
  A redback zombie (Spider:4)
  2 tengu conjurers
  5 freezing wraiths
  11 ice devils (IceCv)
  Psyche (D:8)
  17 yaktaurs
  3 ancient zymes
  A troll (shapeshifter) (D:13)
  7 trolls
  6 meliai
  36 merfolk
  4 polar bears
  A spectral jumping spider (Spider:4)
  A spectral tarantella (Spider:4)
  23 tarantellas
  2 hornets
  5 raiju
  A raiju (shapeshifter) (Abyss:2)
  6 wind drakes (Shoals:4)
  10 blink frogs
  2 dream sheep (Shoals:4)
  A blink frog (shapeshifter) (Vaults:5)
  5 snapping turtles
  A slime creature (shapeshifter) (Vaults:5)
  11 air elementals
  3 centaur simulacra
  87 slime creatures
  21 jumping spiders
  A vampire (D:10)
  2 dire elephant simulacra (IceCv)
  2 shadows
  23 culicivoras
  2 wyverns
  4 wraiths (D:13)
  16 humans
  94 yaks
  2 ynoxinuls (Abyss:3)
  3 steam dragons
  22 water elementals
  4 basilisks
  A hog (shapeshifter) (Vaults:5)
  7 fire elementals
  5 golden eyes (Slime:2)
  Grum (D:8)
  4 vampire mosquitoes (D:12)
  58 redbacks
  4 chaos spawn
  3 wargs
  3 neqoxecs (Abyss:3)
  6 death yak simulacra (IceCv)
  A harpy simulacrum (IceCv)
  3 hydra simulacra (IceCv)
  2 acid dragons
  7 hell hounds
  2 floating eyes (Slime:2)
  10 water moccasins
  35 orc warriors
  2 ice beasts
  2 sky beasts
  2 black bears
  A black bear (shapeshifter) (D:12)
  13 ogres
  An ogre (shapeshifter) (D:15)
  6 boggarts
  3 centaurs
  21 wolves
  A phantom (D:6)
  6 kobold brigands
  13 bullfrogs
  13 small abominations
  32 scorpions
  3 gnoll sergeants
  A two-headed ogre simulacrum (IceCv)
  3 earth elementals
  5 cane toad simulacra (IceCv)
  8 wights
  4 elephant simulacra (IceCv)
  3 electric eels (Lair:3)
  A howler monkey (D:10)
  A quasit (Abyss:3)
  31 orc priests
  3 hounds
  7 jellies
  23 starcursed masses
  An iron imp (Abyss:3)
  A gnoll bouda (D:6)
  2 iguanas
  6 hell rats (Lair:1)
  2 sleepcaps (D:5)
  32 orc wizards
  A polar bear simulacrum (IceCv)
  4 wolf simulacra (IceCv)
  6 adders
  24 gnolls
  2 naga simulacra (IceCv)
  A river rat (D:6)
  3 shadow imps
  5 white imps
  9 ufetubi
  4 worms
  6 dart slugs
  102 orcs
  7 ball pythons
  8 endoplasms
  3 giant cockroaches
  11 goblins
  8 hobgoblins
  4 quokkas
  3 bats
  2 frilled lizards
  18 kobolds
  11 rats
  3 lurking horrors (Abyss:3)
  4 starspawn tentacles
2021 creatures vanquished.

Vanquished Creatures (collateral kills)
  A golden dragon (Vaults:5)
  Jorgrun (Elf:2)
  4 acid blobs
  A titan (Vaults:5)
  2 shadow dragons (Vaults:5)
  A tengu reaver (Vaults:5)
  2 storm dragons
  3 rockslimes
  A frost giant (Vaults:5)
  2 vault wardens (Vaults:5)
  A deep elf elementalist (Elf:3)
  An ironbound preserver (Vaults:2)
  A war gargoyle (Vaults:2)
  2 stone giants
  2 ironbound thunderhulks
  4 quicksilver oozes
  A spark wasp (Spider:1)
  An ettin (Vaults:5)
  A merfolk javelineer (Shoals:4)
  2 merfolk impalers
  A crystal guardian (Abyss:3)
  3 yaktaur captains
  A vault guard (Vaults:5)
  An alligator snapping turtle (Shoals:2)
  6 dancing weapons (Elf:2)
  3 boulder beetles
  A merfolk aquamancer (Shoals:1)
  2 deep elf knights (Elf:2)
  A hell knight (Vaults:5)
  A sun demon (Abyss:2)
  2 deep trolls (Vaults:2)
  A deep elf archer (Elf:3)
  2 ironbound convokers
  A deep elf pyromancer (Elf:2)
  2 necromancers
  2 wolf spiders
  A shining eye (Shoals:4)
  A moth of wrath (Spider:1)
  2 merfolk sirens (Shoals:1)
  2 centaur zombies (D:13)
  An elephant (Lair:5)
  2 water nymphs (shapeshifter) (Vaults:5)
  A demonic crawler (Spider:1)
  A water nymph (Shoals:4)
  4 vault sentinels
  A torpor snail (Spider:2)
  6 yaktaurs
  A komodo dragon (Lair:4)
  An ancient zyme (Abyss:3)
  4 merfolk
  2 wind drakes (Shoals:4)
  2 tarantellas
  4 blink frogs (Lair:4)
  A snapping turtle (Shoals:1)
  A jumping spider (Spider:2)
  A flying skull (Abyss:2)
  2 culicivoras
  11 slime creatures
  2 yaks
  A water elemental (Shoals:1)
  A shadow (D:11)
  A golden eye (Slime:2)
  6 redbacks
  A harpy simulacrum (IceCv)
  2 orc warriors
  A wolf (D:8)
  2 bullfrogs (Lair:4)
  A scorpion (Spider:1)
  3 small abominations
  An electric eel (Lair:3)
  A jelly (D:6)
  An orc priest (Orc:2)
  2 starcursed masses (Abyss:2)
  A hound (D:6)
  A gnoll (D:1)
  An adder (D:3)
  A white imp (Abyss:2)
  8 orcs
  An endoplasm (D:1)
  2 goblins
157 creatures vanquished.

Vanquished Creatures (others)
  An ironbound preserver (Vaults:3)
  An orb spider (Spider:3)
  A deep elf zephyrmancer (Elf:3)
  A manticore (Shoals:2)
  A merfolk (Shoals:1)
  A large abomination (Abyss:3)
  3 water elementals (Shoals:4)
  An orc priest (D:8)
  An orc wizard (Orc:2)
  4 orcs
  10 starspawn tentacles
  13 tentacles (Shoals:3)
38 creatures vanquished.

Grand Total: 2216 creatures vanquished

Notes
Turn   | Place    | Note
-------+----------+-------------------------------------------
     0 | D:1      | kskgo the Demonspawn Berserker began the quest for the Orb.
     0 | D:1      | Reached XP level 1. HP: 18/18 MP: 1/1
   223 | D:1      | Found a faded altar of an unknown god.
   276 | D:1      | Gained mutation: A weak demonic guardian rushes to your
                  | aid. [demonic ancestry]
   276 | D:1      | Reached XP level 2. HP: 24/24 MP: 2/2
   485 | D:1      | Reached XP level 3. HP: 7/29 MP: 3/3
  1173 | D:2      | Reached ** piety under Trog
  1551 | D:2      | Gained mutation: You are partially covered in yellow
                  | scales. (AC +2) [demonic ancestry]
  1551 | D:2      | Reached XP level 4. HP: 35/35 MP: 4/4
  2135 | D:3      | Reached XP level 5. HP: 40/42 MP: 5/5
  2556 | D:3      | Reached skill level 1 in Shields
  2606 | D:3      | Reached *** piety under Trog
  2881 | D:4      | Noticed an ogre
  2887 | D:4      | Reached XP level 6. HP: 48/48 MP: 6/6
  2910 | D:4      | Found a staircase to the Ecumenical Temple.
  2953 | D:4      | Found Ofrotryeschet's Weapon Shoppe.
  3063 | D:4      | Gained mutation: You are mostly covered in yellow scales.
                  | (AC +3) [demonic ancestry]
  3063 | D:4      | Reached XP level 7. HP: 54/54 MP: 7/7
  3335 | D:4      | Reached skill level 5 in Axes
  3442 | D:4      | Found Naefao's Antique Weapon Shoppe.
  3562 | D:4      | Found Liwavaggia's Magic Scroll Shoppe.
  3768 | D:4      | Found Daostra's Armour Shop.
  3789 | D:5      | Entered Level 5 of the Dungeon
  3805 | D:5      | Found a sparkling altar of Nemelex Xobeh.
  3809 | D:5      | Found a basalt altar of Yredelemnul.
  3931 | D:5      | Noticed Dowan
  4020 | D:6      | Gained mutation: You regenerate a little health from kills.
                  | [demonic ancestry]
  4020 | D:6      | Reached XP level 8. HP: 61/61 MP: 8/8
  4621 | D:6      | Reached skill level 5 in Fighting
  5448 | D:7      | Found a flagged portal.
  5471 | Bailey   | Entered a bailey
  5681 | Bailey   | Reached skill level 5 in Shields
  5687 | Bailey   | Gained mutation: You have large cloven feet. [demonic
                  | ancestry]
  5687 | Bailey   | Reached XP level 9. HP: 68/68 MP: 9/9
  5822 | Bailey   | Found a burning altar of Makhleb.
  6753 | D:8      | Noticed Psyche
  6787 | D:8      | Found Izyll's Weapon Emporium.
  6793 | D:8      | Reached skill level 5 in Dodging
  6823 | D:8      | Bought 6 atropa-tipped darts for 75 gold pieces
  6823 | D:8      | Bought 3 poisoned darts for 25 gold pieces
  6979 | D:8      | Reached skill level 5 in Armour
  7191 | D:8      | Noticed Maggie
  7197 | D:8      | Noticed Grum
  7245 | D:8      | Killed Maggie
  7255 | D:8      | Killed Grum
  7256 | D:8      | Gained mutation: You have hoof-like feet. [demonic
                  | ancestry]
  7256 | D:8      | Reached XP level 10. HP: 37/77 MP: 10/10
  7445 | D:8      | Killed Psyche
  7792 | D:8      | Reached **** piety under Trog
  8419 | D:9      | Found a shimmering altar of Xom.
  8598 | D:9      | Found a staircase to the Orcish Mines.
  8930 | D:10     | Entered Level 10 of the Dungeon
  8930 | D:10     | Found a hazy altar of Hepliaklqana.
  8930 | D:10     | Found a hide-covered altar of Uskayaw.
  8930 | D:10     | Found an iron altar of Okawaru.
  8930 | D:10     | Found a bloodstained altar of Trog.
  9267 | D:10     | Gained mutation: A demonic guardian rushes to your aid.
                  | [demonic ancestry]
  9267 | D:10     | Reached XP level 11. HP: 84/84 MP: 11/11
  9599 | D:10     | Found a stormy altar of Qazlal.
  9719 | D:11     | Noticed a boulder beetle
  9742 | D:11     | Killed a boulder beetle
 10168 | D:11     | Noticed Erolcha
 10210 | D:11     | Killed Erolcha
 10361 | D:11     | Found a staircase to the Lair.
 10691 | D:12     | Reached skill level 10 in Axes
 10892 | D:12     | Noticed a purple ugly thing
 10900 | D:12     | Killed a purple ugly thing
 11053 | D:12     | Noticed a boulder beetle
 11080 | D:12     | Killed a boulder beetle
 11081 | D:12     | Reached XP level 12. HP: 68/94 MP: 12/12
 11254 | D:12     | Noticed a boulder beetle
 11265 | D:12     | Killed a boulder beetle
 11343 | D:12     | Noticed a centaur warrior
 11349 | D:12     | Killed a centaur warrior
 11430 | D:12     | Noticed a boulder beetle
 11466 | D:12     | Killed a boulder beetle
 11467 | D:12     | Reached skill level 10 in Shields
 11578 | Lair:1   | Entered Level 1 of the Lair of Beasts
 12748 | Lair:2   | Noticed a boulder beetle
 12764 | Lair:2   | Killed a boulder beetle
 13006 | Lair:2   | Found a hole to the Spider Nest.
 13323 | Lair:2   | Noticed a five-headed hydra
 13334 | Lair:2   | Killed a three-headed hydra
 13335 | Lair:2   | Gained mutation: A powerful demonic guardian rushes to your
                  | aid. [demonic ancestry]
 13335 | Lair:2   | Reached XP level 13. HP: 101/101 MP: 13/13
 15538 | D:13     | Reached skill level 10 in Fighting
 15909 | D:14     | Noticed Rupert
 15909 | D:14     | Noticed Urug
 15909 | D:14     | Found a gate to the Vaults.
 16405 | D:14     | Killed Urug
 16406 | D:14     | Reached XP level 14. HP: 110/110 MP: 14/14
 16615 | D:14     | Killed Rupert
 16806 | D:14     | Reached ***** piety under Trog
 17134 | D:15     | Entered Level 15 of the Dungeon
 17393 | D:15     | Found a staircase to the Depths.
 17402 | D:15     | Found a broken altar of Ashenzari.
 17427 | Abyss:2  | Cast into level 2 of the Abyss (a wizard)
 17483 | Abyss:2  | Found a corrupted altar of Lugonu.
 17519 | Abyss:2  | Paralysed by accursed screaming for 1 turns
 17740 | Abyss:2  | Found a corrupted altar of Lugonu.
 18109 | Abyss:2  | Noticed a tentacled starspawn
 18124 | Abyss:2  | Killed a tentacled starspawn
 18149 | Abyss:2  | Noticed an Executioner
 18153 | Abyss:2  | Killed an Executioner
 18225 | Abyss:2  | Found a corrupted altar of Lugonu.
 18263 | Abyss:2  | Noticed an Executioner
 18270 | Abyss:2  | Killed an Executioner
 18277 | D:15     | Escaped the Abyss
 19408 | Lair:3   | Found a staircase to the Shoals.
 19761 | Lair:4   | Reached XP level 15. HP: 118/118 MP: 15/15
 19981 | Lair:4   | Reached skill level 10 in Armour
 19995 | Lair:4   | Reached skill level 10 in Dodging
 20236 | Lair:4   | Identified the +1 cloak "Ynokk" {rElec Will- Regen+ SInv}
 21617 | Lair:5   | Entered Level 5 of the Lair of Beasts
 21664 | Lair:5   | Found a frozen archway.
 21676 | IceCv    | Entered an ice cave
 22052 | IceCv    | Found an ancient bone altar of Kikubaaqudgha.
 22745 | Lair:5   | Found a viscous altar of Jiyva.
 23129 | Lair:5   | Found a staircase to the Slime Pits.
 23912 | Orc:1    | Entered Level 1 of the Orcish Mines
 23963 | Orc:1    | Reached XP level 16. HP: 127/127 MP: 16/16
 23990 | Orc:1    | Found Iluggoy's Weapon Shoppe.
 23995 | Orc:1    | Bought 4 poisoned darts for 36 gold pieces
 24156 | Orc:2    | Entered Level 2 of the Orcish Mines
 24814 | D:15     | Noticed Azrael
 24975 | D:4      | Bought +1 storm dragon scales for 1131 gold pieces
 25159 | D:15     | Killed Azrael
 25363 | D:15     | Reached skill level 15 in Axes
 25384 | D:15     | Paralysed by an orc sorcerer for 5 turns
 26132 | Orc:2    | Identified the +4 morningstar of Gin and Tonic {heavy,
                  | *Rage rC+++ Str+4} (Trog gifted it to you on level 2 of the
                  | Orcish Mines)
 26132 | Orc:2    | Received a gift from Trog
 26436 | Orc:2    | Found Goficsy's Antique Weapon Boutique.
 26445 | Orc:2    | Found Xuquadgh's Antique Armour Shop.
 26579 | Orc:2    | Found a staircase to the Elven Halls.
 26600 | Orc:2    | Received a gift from Trog
 26729 | Orc:2    | Found Dytt's Armour Shop.
 26829 | Orc:2    | Found Ahiguam's Distillery.
 26837 | Orc:2    | Bought a potion of curing for 30 gold pieces
 26837 | Orc:2    | Bought a potion of haste for 100 gold pieces
 26837 | Orc:2    | Bought 2 potions of resistance for 200 gold pieces
 27049 | Spider:1 | Entered Level 1 of the Spider Nest
 27189 | Spider:1 | Reached skill level 15 in Shields
 27535 | Spider:1 | Received a gift from Trog
 28286 | Spider:2 | Gained mutation: You have hooves in place of feet. [demonic
                  | ancestry]
 28286 | Spider:2 | Reached XP level 17. HP: 135/135 MP: 17/17
 28661 | Spider:2 | Noticed Arachne
 28800 | Spider:2 | Received a gift from Trog
 30643 | Spider:3 | Noticed Mlioglotl
 30677 | Spider:3 | Killed Mlioglotl
 30987 | Spider:1 | Killed Arachne
 31054 | Spider:4 | Entered Level 4 of the Spider Nest
 31280 | Spider:4 | Found a runed translucent door.
 31280 | Spider:4 | Noticed Elait's ghost (journeyman TrGl)
 31686 | Spider:4 | Noticed Donald
 31715 | Spider:4 | Killed Donald
 32319 | Shoals:1 | Entered Level 1 of the Shoals
 32693 | Shoals:1 | Gained mutation: You regenerate health from kills. [demonic
                  | ancestry]
 32693 | Shoals:1 | Reached XP level 18. HP: 144/144 MP: 18/18
 33321 | Shoals:2 | Noticed Aizul
 33825 | Shoals:2 | Noticed Ilsuiw
 33860 | Shoals:2 | Killed Ilsuiw
 34051 | Shoals:2 | Killed Aizul
 34300 | Shoals:2 | Noticed Roxanne
 34313 | Shoals:2 | Killed Roxanne
 34700 | Shoals:3 | Found Waileeh's Magic Scroll Boutique.
 34789 | Shoals:3 | Bought a scroll of teleportation for 39 gold pieces
 34789 | Shoals:3 | Bought a scroll of teleportation for 39 gold pieces
 34789 | Shoals:3 | Bought a scroll of fear for 52 gold pieces
 35098 | Shoals:3 | Noticed Mara
 35565 | Shoals:4 | Entered Level 4 of the Shoals
 35565 | Shoals:4 | Found a snail-covered altar of Cheibriados.
 36174 | Shoals:4 | Identified the +4 glaive of Tyos {flame, Drain rElec rN+
                  | Int+2}
 36210 | Shoals:4 | Paralysed by an air elemental for 1 turns
 36419 | Shoals:4 | Got a barnacled rune of Zot
 36548 | Shoals:4 | Paralysed by an air elemental for 1 turns
 36621 | Shoals:4 | Identified the +5 battleaxe "Beluy" {heavy, rC++ SInv}
 36675 | Shoals:4 | Found a stormy altar of Qazlal.
 36746 | Shoals:4 | Received a gift from Trog
 36753 | Shoals:4 | Gained mutation: You are completely covered in yellow
                  | scales. (AC +4, rCorr) [demonic ancestry]
 36753 | Shoals:4 | Reached XP level 19. HP: 152/152 MP: 19/19
 36757 | Shoals:4 | Paralysed by an air elemental for 1 turns
 36843 | Shoals:4 | Paralysed by an air elemental for 1 turns
 36850 | Shoals:4 | Paralysed by an air elemental for 1 turns
 36906 | Shoals:4 | Paralysed by an air elemental for 1 turns
 36908 | Shoals:4 | Paralysed by an air elemental for 1 turns
 36962 | Shoals:4 | Paralysed by an air elemental for 1 turns
 37172 | Vaults:1 | Entered Level 1 of the Vaults
 37648 | Spider:4 | Killed Elait's ghost
 37655 | Spider:4 | Identified the ring "Suscheggu" {AC+4 Dex+3}
 38370 | Vaults:1 | Received a gift from Trog
 39379 | Vaults:2 | Found a staircase to the Crypt.
 39758 | D:4      | Bought a scroll of teleportation for 33 gold pieces
 39758 | D:4      | Bought a scroll of teleportation for 33 gold pieces
 39758 | D:4      | Bought a scroll of blinking for 82 gold pieces
 39758 | D:4      | Bought a scroll of enchant armour for 82 gold pieces
 39758 | D:4      | Bought a scroll of enchant weapon for 82 gold pieces
 39758 | D:4      | Bought a scroll of enchant weapon for 82 gold pieces
 39758 | D:4      | Bought a scroll of poison for 44 gold pieces
 40528 | Shoals:3 | Bought a scroll of identify for 26 gold pieces
 40528 | Shoals:3 | Bought a scroll of identify for 26 gold pieces
 40528 | Shoals:3 | Bought a scroll of identify for 26 gold pieces
 40528 | Shoals:3 | Bought a scroll of immolation for 52 gold pieces
 40533 | Shoals:3 | Noticed kskgo's illusion
 40546 | Shoals:3 | Killed Mara
 41266 | Vaults:2 | Received a gift from Trog
 41474 | Vaults:2 | Gained mutation: You regenerate a lot of health from kills.
                  | [demonic ancestry]
 41474 | Vaults:2 | Reached XP level 20. HP: 161/161 MP: 20/20
 41693 | Vaults:2 | Found a portal to a secret trove of treasure.
 41776 | Vaults:2 | Reached skill level 15 in Fighting
 42065 | Vaults:2 | Identified the ring "Hewoh" {+Blink rF- rC+++ rN+ Will-}
 42258 | Vaults:2 | Identified the amulet "Kykeinou" {rElec rN+ Regen+ rCorr
                  | SInv}
 42284 | Vaults:2 | Noticed Bai Suzhen
 42297 | Vaults:2 | Killed Bai Suzhen
 43291 | Vaults:3 | Found Liocw's Jewellery Shoppe.
 43706 | Vaults:3 | Identified the ring "Fuung" {Ice rN+ Str+5}
 43851 | Vaults:3 | Identified the +6 spear of Putrescence {heavy, rElec rC+
                  | Str-2}
 44232 | Vaults:4 | Noticed Frederick
 44254 | Vaults:4 | Killed Frederick
 44576 | Vaults:4 | Received a gift from Trog
 45138 | Vaults:4 | Reached XP level 21. HP: 170/170 MP: 7/21
 46258 | Slime:1  | Entered Level 1 of the Pits of Slime
 46275 | Slime:1  | Gained mutation: You are clumsy. (Dex -2) [a shining eye]
 46348 | Slime:2  | Received a gift from Trog
 46487 | Slime:2  | Paralysed by a floating eye for 2 turns
 46833 | Slime:1  | Gained mutation: You are somewhat resistant to further
                  | mutation. [a shining eye]
 47390 | Slime:5  | Entered Level 5 of the Pits of Slime
 47788 | Slime:3  | You fall into a shaft and drop 1 floor!
 47913 | Slime:5  | Reached skill level 15 in Armour
 47992 | Slime:5  | Reached skill level 15 in Dodging
 48493 | Elf:1    | Entered Level 1 of the Elven Halls
 48581 | Elf:1    | Paralysed by an air elemental for 1 turns
 49076 | Elf:1    | Found Pudghaluch's Magic Scroll Boutique.
 49080 | Elf:1    | Bought a scroll of blinking for 90 gold pieces
 49080 | Elf:1    | Bought a scroll of teleportation for 36 gold pieces
 49080 | Elf:1    | Bought a scroll of teleportation for 36 gold pieces
 49080 | Elf:1    | Bought a scroll of teleportation for 36 gold pieces
 49091 | Elf:1    | You fall into a shaft and drop 1 floor!
 49102 | Elf:2    | Noticed Jorgrun
 49108 | Elf:2    | Found a huge runed translucent gate.
 49117 | Elf:2    | Received a gift from Trog
 49118 | Elf:2    | Reached XP level 22. HP: 168/180 MP: 7/22
 49118 | Elf:2    | Killed Jorgrun
 49284 | Elf:2    | Found a huge runed translucent gate.
 49285 | Elf:2    | Found a huge runed translucent gate.
 49286 | Elf:2    | Found a huge runed translucent gate.
 49287 | Elf:2    | Found a huge runed translucent gate.
 49621 | Elf:2    | Paralysed by an air elemental for 1 turns
 50119 | Elf:3    | Entered Level 3 of the Elven Halls
 50830 | Elf:3    | Reached skill level 1 in Evocations
 50840 | Elf:3    | Reached skill level 1 in Throwing
 51112 | Elf:3    | Received a gift from Trog
 51135 | Abyss:3  | Cast into level 3 of the Abyss (a deep elf sorcerer)
 51150 | Abyss:3  | Found a corrupted altar of Lugonu.
 51375 | Abyss:3  | Paralysed by accursed screaming for 1 turns
 51421 | Elf:3    | Escaped the Abyss
 51624 | Abyss:3  | Found a corrupted altar of Lugonu.
 51624 | Abyss:3  | Cast into level 3 of the Abyss (a deep elf sorcerer)
 51877 | Elf:3    | Escaped the Abyss
 52075 | Abyss:3  | Cast into level 3 of the Abyss (a deep elf demonologist)
 52077 | Abyss:3  | Found a corrupted altar of Lugonu.
 52353 | Abyss:3  | Paralysed by accursed screaming for 1 turns
 52358 | Abyss:3  | Paralysed by accursed screaming for 1 turns
 52387 | Elf:3    | Escaped the Abyss
 52480 | Elf:3    | Identified the +4 morningstar of Haurun {protect, Contam
                  | rF++ Stlth+}
 52486 | Elf:3    | Identified the amulet "Poonkana" {RegenMP Int+3}
 52542 | Elf:3    | Paralysed by an air elemental for 1 turns
 52568 | Elf:3    | Identified the +6 arbalest of Dissatisfaction {freeze,
                  | rElec rN+ Int-2 SInv}
 52585 | Elf:3    | Identified the amulet of Xunlaemm {Acrobat rC- rCorr
                  | Slay+2}
 52587 | Elf:3    | Found the +7 Spriggan's Knife {stab, EV+4 Stlth+}
 52640 | Elf:3    | Identified the staff of poison "Ydakhlu" {rPois rCorr}
 52792 | Elf:3    | Identified the staff of conjuration "Xuudy" {rC+}
 53429 | Slime:5  | Reached skill level 5 in Evocations
 53511 | Slime:5  | Noticed the Royal Jelly
 53512 | Slime:5  | Found a viscous altar of Jiyva.
 53958 | Vaults:5 | Entered Level 5 of the Vaults
 53960 | Vaults:5 | Noticed Jory
 53963 | Vaults:5 | Reached skill level 5 in Throwing
 53963 | Vaults:5 | Reached XP level 23. HP: 109/189 MP: 7/23
 53976 | Vaults:5 | Killed Jory
 54052 | Vaults:5 | Identified the +9 longbow "Beetleslayer" {elec, rN+ Str+4
                  | Int-3 Dex+9}
 54077 | Vaults:5 | Identified the +3 hand axe of Illinehy {heavy, Str+4} (Trog
                  | gifted it to you on level 5 of the Vaults)
 54077 | Vaults:5 | Received a gift from Trog
 54087 | Vaults:5 | Noticed an ancient lich
 54418 | Vaults:5 | Identified the +3 dagger "Levinlem" {antimagic, Will+}
 54418 | Vaults:5 | Identified the ring "Ugreapur" {rPois rN+ Dex+2}
 54574 | Vaults:5 | Got a silver rune of Zot
 54704 | Vaults:5 | Identified the staff of fire "Ikulext" {Fly rElec rF+ Str+4
                  | Int+2}
 54758 | Vaults:5 | Identified the staff of death "Xonuaref" {rN+ Dex+3}
 54812 | Vaults:5 | Paralysed by a floating eye for 3 turns
 54865 | Vaults:5 | a fenstrider witch changed into a caustic shrike
 54865 | Vaults:5 | Noticed a caustic shrike (glowing shapeshifter)
 54867 | Vaults:5 | a caustic shrike changed into a shard shrike
 54867 | Vaults:5 | Noticed a shard shrike (glowing shapeshifter)
 54879 | Vaults:5 | Killed a shard shrike
 55161 | Vaults:5 | Identified the +0 halberd "Diociud" {protect, Will+}
 55594 | Vaults:5 | Received a gift from Trog
 55777 | Vaults:5 | Lost mutation: You are clumsy. (Dex -2) [potion of
                  | mutation]
 55777 | Vaults:5 | Lost mutation: You are somewhat resistant to further
                  | mutation. [potion of mutation]
 55777 | Vaults:5 | Gained mutation: You do not regenerate when monsters are
                  | visible. [potion of mutation]
 55778 | Vaults:5 | Lost mutation: You do not regenerate when monsters are
                  | visible. [potion of mutation]
 55778 | Vaults:5 | Gained mutation: Your body sometimes deteriorates upon
                  | taking damage. [potion of mutation]
 55778 | Vaults:5 | Gained mutation: You are vulnerable to cold. (rC-) [potion
                  | of mutation]
 55779 | Vaults:5 | Lost mutation: You are vulnerable to cold. (rC-) [potion of
                  | mutation]
 55779 | Vaults:5 | Lost mutation: Your body sometimes deteriorates upon taking
                  | damage. [potion of mutation]
 55779 | Vaults:5 | Gained mutation: You are strong-willed. (Will+) [potion of
                  | mutation]
 55779 | Vaults:5 | Gained mutation: Your movements are slightly less
                  | encumbered by armour. (ER -2) [potion of mutation]
 55810 | Vaults:5 | Killed an ancient lich
 56058 | Vaults:5 | Gained mutation: Your magical and physical power is
                  | slightly enhanced at high health. [demonic ancestry]
 56058 | Vaults:5 | Reached XP level 24. HP: 199/199 MP: 7/23
 56803 | Slime:5  | Killed the Royal Jelly
 56812 | Slime:5  | HP: 7/298 [azure jelly (10)]
 56812 | Slime:5  | Slain by an azure jelly

Illustrated notes

Levels and vault maps discovered:
D:1:      doesnt_arrival_eight_statues, layout_basic,
          chequers_ecumenical_altar_twisty
D:2:      layout_basic, hangedman_feature_mirror, amethyst_killhole
D:3:      layout_basic, serial_bayou, serial_bayou_pond_e, serial_bayou_shore_a,
          serial_bayou_shore_b, serial_bayou_pond_e
D:4:      layout_gridville, temple_statues, serial_shops,
          nicolae_shop_overgrown_old_shop, nicolae_shop_bloodbath_and_beyond,
          nicolae_shop_rolled_up, kennysheep_mini,
          minmay_fractal_squares_gapless_5
D:5:      layout_rooms, grunt_temple_overflow_open, uniq_duvessa
D:6:      layout_rooms, serial_co_window_serial, co_window_paths_a,
          co_window_paths_a, co_window_of_opportunity_a, co_window_paths_a,
          co_window_paths_b, co_window_paths_a, co_window_paths_b,
          co_window_paths_a, co_window_corner_a, co_window_corner_b,
          co_window_corner_b, co_window_cross_2, co_window_4corner_b,
          glass_columns_b, glass_columns_c, glass_columns_a, glass_columns_a,
          glass_columns_a
D:7:      layout_loops_cross, enter_bailey_3, chequers_serial_rivers_marsh
D:8:      layout_basic, serial_shops, nicolae_shop_scrapyard, nicolae_sextant,
          minmay_misc_feat_iff, nicolae_nh_ransacked_shop, uniq_psyche,
          uniq_grum, uniq_maggie
D:9:      layout_basic, tgw_xom, orc_0_dummy, nicolae_hexahallways
D:10:     layout_rooms, nicolae_overflow_hidden_temple,
          chequers_temple_overflow_statue_of_worship, serial_ice, serial_ice_h,
          serial_ice_i, serial_ice_d, serial_ice_a
D:11:     layout_loops_ring, lair_entry_dummy, uniq_erolcha
D:12:     hangedman_cross_veins, layout_rooms
D:13:     layout_layer_cave, hangedman_weighted_door, serial_bayou_crossing
D:14:     layout_rooms, david_vaults_3
D:15:     hangedman_depths_entry_civil_slaughter, layout_long_grid,
          nicolae_ashenzari_panopticon, uniq_azrael
Lair:1:   layout_regular_city, pdpol_lair_neglected_garden, lemuel_fruit_tree,
          infiniplex_staircase_pool_2
Lair:2:   layout_cave_pods, spider_nest_entry_funnel_web, beast_lair_carwin_10
Lair:3:   layout_regular_city, minmay_shoals_entry_hut, serial_bayou_lake_a,
          grunt_megastairs_4, infiniplex_staircase_pool
Lair:4:   layout_regular_city, grunt_megastairs_5
Lair:5:   gammafunk_lair_ancient_temple, layout_hall_layers,
          nicolae_slime_entry_field_trip, portal_ice_cave_entry_pillars_1,
          minivault_25, st_stairs_3, hangedman_lair_generics_rect
Shoals:1: layout_shoals, st_sunken_huts
Shoals:2: layout_shoals, kb_tengu_band, uniq_aizul, uniq_roxanne, uniq_ilsuiw
Shoals:3: dreamdust_from_the_deep, layout_shoals, serial_shops, shop,
          nicolae_shoals_nymph_descending_staircase, uniq_mara
Shoals:4: shoals_end_hellmonk_storm_palace [storm_palace_center_square,
          storm_palace_corner_reverse_hut, storm_palace_corner_altar,
          storm_palace_corner_blocked, storm_palace_corner_altar]
Spider:1: spiders_nest_a, nicolae_spider_nooks_and_crannies
Spider:2: layout_spider_delve, uniq_arachne
Spider:3: layout_spider_delve, uniq_mlioglotl
Spider:4: floodkiller_spider_rune_tomb, gammafunk_ghost_grave, drop_trap,
          uniq_donald
Slime:1:  layout_caves
Slime:2:  layout_caves, nicolae_slime_getting_an_eyeful
Slime:3:  layout_caves
Slime:4:  layout_caves, nicolae_slime_ancient_tower_intersection
Slime:5
Orc:1:    layout_diamond_mine, serial_shops, nicolae_shop_back_alley_shop,
          nicolae_orc_sculptors_studio
Orc:2:    grunt_orc_community_town_hall, layout_caves,
          grunt_orc_community_big_house_1, grunt_orc_community_big_house_2,
          grunt_orc_community_house_1, grunt_orc_community_house_3,
          grunt_orc_community_house_2, grunt_orc_community_house_2,
          grunt_orc_community_house_2, grunt_orc_community_house_3
Elf:1:    eino_elf_arrival_the_gate, layout_loops_cross, serial_shops,
          nicolae_shop_pleasant_corner_grove, minmay_elf_demonology,
          hangedman_elf_disciples
Elf:2:    elven_hall_of_blades_hangedman_alternative
          [infiniplex_blade_entry_pillars], layout_gridlike, uniq_jorgrun
Elf:3:    minmay_elf_hall_statues, layout_geoelf_grid
Vaults:1: vaults_room_grid, vaults_room_pools, v_pattern_4,
          nicolae_vaults_apartment_2, v_alt_pattern_3,
          nicolae_vaults_storage_closets_2, nicolae_vaults_network_periphery,
          vaults_mumra_hexcomb, nicolae_vaults_double_plus_1,
          nicolae_vaults_trapezoid_lopsided_3, layout_vaults_quadrants
Vaults:2: v_alt_pattern_2, v_misc_19, nicolae_vaults_offset_grid_hallway_3,
          minmay_crypt_entry_simple_sparse, nicolae_vaults_hexular_roomagon,
          nicolae_vaults_wrenched, vaults_dpeg_spiral, vaults_mumra_hex,
          nicolae_vaults_trapezoid_lopsided_1, nicolae_vaults_ninety_degrees,
          nicolae_vaults_theta, vaults_room_hangedman_quadrants,
          nicolae_vaults_three_branches, vaults_room_grid,
          nicolae_vaults_house_2, vaults_room_boxed, layout_vaults_maze_bifur,
          enter_trove_0, uniq_bai_suzhen, uniq_margery
Vaults:3: nicolae_vaults_prndl, nicolae_vaults_little_squares_6,
          nicolae_vaults_shipping_containers_1, vaults_room_ringed_pool,
          ontoclasm_vaults_ring_large, v_misc_5,
          vaults_mumra_minichess_inversion, nicolae_vaults_trapezoid_lopsided_1,
          v_misc_25, nicolae_vaults_sightless_eye, vaults_dpeg_emergency_exit,
          nicolae_vaults_trapezoid_1, layout_vaults_omnicross, serial_shops,
          nicolae_shop_gaudy_bauble
Vaults:4: nicolae_vaults_yaktaur_gun_rack, nicolae_vaults_shipping_containers_3,
          nicolae_vaults_six-pack, hangedman_vaults_stitches,
          nicolae_vaults_prndl, nicolae_vaults_closet_pinwheel_3, v_rooms_6,
          nicolae_vaults_tetromino_L_1, nicolae_vaults_network_s,
          nicolae_vaults_variable_pillar_hall, nicolae_vaults_little_ls,
          nicolae_vaults_tangram_1, nicolae_vaults_little_squares_2,
          nicolae_vaults_tetromino_L_1, nicolae_vaults_double_plus_2,
          nicolae_vaults_rhombus_6, ontoclasm_vaults_twist, layout_vaults_ring,
          serial_shops, statue_bzr, uniq_frederick
Vaults:5: serial_shops, uniq_jory

Skill      XL: |  1  2  3  4  5  6  7  8  9 10 11 12 13 14 15 16 17 18 19 20 21 22 23 |
---------------+----------------------------------------------------------------------+-----
Axes           | 3 4 5 6 7 9 10 11 12 13 14 15 16 17 18 19 20 | 20.0
Armour         | 2 3 4 5 6 7 8 9 10 11 12 13 14 15 16 17 | 17.0
Dodging        | 2 3 4 5 6 7 8 9 10 11 12 13 14 15 16 17 | 17.0
Shields        | 1 2 3 5 6 7 9 10 11 13 14 15 16 17 18 19 20 | 20.0
Fighting       | 4 5 6 7 8 9 10 11 12 13 14 15 16 17 18 | 18.6
Evocations     | 5 8 |  8.4
Throwing       | 5 7 |  7.7

Action                     |  1- 3 |  4- 6 |  7- 9 | 10-12 | 13-15 | 16-18 | 19-21 | 22-24 || total
---------------------------+-------+-------+-------+-------+-------+-------+-------+-------++-------
  Melee: Hand axe          |    52 |   126 |       |       |       |       |       |       ||   178
         Punch             |     3 |     1 |       |       |       |       |       |       ||     4
         Spear             |    60 |    28 |       |       |       |       |       |       ||    88
         War axe           |       |    19 |   229 |   413 |   938 |  1384 |   536 |       ||  3519
         Flail             |       |       |    57 |       |       |       |       |       ||    57
         Kick              |       |       |    43 |   155 |   399 |   496 |   645 |   580 ||  2318
         Battleaxe         |       |       |    34 |       |       |       |       |       ||    34
         Broad axe         |       |       |       |       |       |       |   758 |  1155 ||  1913
         Unarmed           |       |       |       |       |       |       |       |    31 ||    31
  Throw: Dart              |       |       |    12 |    30 |    59 |   143 |    44 |    30 ||   318
         Throwing net      |       |       |       |     2 |     3 |     1 |       |       ||     6
 Invoke: Berserk           |     1 |     3 |    17 |    25 |    32 |    49 |    41 |    20 ||   188
         Trog's Hand       |       |     1 |     4 |     3 |    15 |    26 |    21 |    32 ||   102
         Brothers in Arms  |       |       |       |       |     2 |     7 |     7 |     8 ||    24
  Evoke: Wand              |       |     1 |     4 |    21 |    14 |    62 |    26 |    25 ||   153
         Lightning rod     |       |       |       |     9 |    10 |    21 |    11 |    11 ||    62
         Piece from Xom's  |       |       |       |       |       |     5 |     2 |     1 ||     8
         Phantom mirror    |       |       |       |       |       |     3 |     3 |     1 ||     7
         Box of beasts     |       |       |       |       |       |     1 |     1 |       ||     2
         Condenser vane    |       |       |       |       |       |       |     1 |     3 ||     4
    Use: Scroll            |       |     5 |     7 |     9 |    16 |    28 |    21 |    20 ||   106
         Potion            |       |     2 |     6 |     1 |     2 |    12 |    12 |     9 ||    44
   Stab: Sleeping          |     2 |     3 |       |       |       |       |       |       ||     5
         Distracted        |       |       |     1 |       |     3 |     4 |     1 |     2 ||    11
         Invisible         |       |       |       |     1 |       |       |       |       ||     1
         Paralysed         |       |       |       |       |     1 |       |       |       ||     1
 Armour: Animal skin       |     8 |       |       |       |       |       |       |       ||     8
         Leather armour    |    11 |    32 |    59 |    11 |       |       |       |       ||   113
         Skin              |       |       |     5 |       |       |       |       |       ||     5
         Ring mail         |       |       |       |    66 |    19 |       |       |       ||    85
         Acid dragon scale |       |       |       |       |   128 |     4 |       |       ||   132
         Storm dragon scal |       |       |       |       |       |   540 |   486 |   365 ||  1391
         Gold dragon scale |       |       |       |       |       |       |       |    22 ||    22
  Dodge: Dodged            |    39 |    57 |   114 |   128 |   342 |   507 |   419 |   395 ||  2001
  Block: Other             |       |    13 |    14 |       |       |     2 |       |       ||    29
         Reflection        |       |     4 |    26 |    11 |    16 |   100 |    53 |       ||   210
         Kite shield       |       |    71 |   298 |   382 |   766 |   582 |   856 |    53 ||  3008
         Tower shield      |       |       |       |       |   141 |  1192 |       |   977 ||  2310
